 Dungeon Crawl Stone Soup version 0.29.1-1-gd02db6906a (webtiles) character file.

Game seed: 8824972467791828553

49 fireball365 the Digger (level 3, -1/26 HPs)
             Began as a Demigod Earth Elementalist on Oct 4, 2022.
             Slain by Terence
             ... wielding a +0 mace
              (4 damage)
             ... on level 2 of the Dungeon.
             The game lasted 00:07:58 (1037 turns).

fireball365 the Digger (Demigod Earth Elementalist) Turns: 1037, Time: 00:08:04

Health: -1/26      AC:  5    Str:  9    XL:     3   Next: 32%
Magic:  4/9        EV: 10    Int: 21    God:
Gold:   103        SH:  0    Dex: 14    Spells: 6/7 levels left

rFire   . . .      SeeInvis .   (no weapon)
rCold   . . .      Faith    .   (no shield)
rNeg    . . .      Spirit   .   j - +0 ring mail
rPois   .          Reflect  .   (no helmet)
rElec   .          Harm     .   (no cloak)
rCorr   .          Rampage  .   (no gloves)
Will    .....                   (no boots)
Stlth   +.........              (no amulet)
HPRegen 0.08/turn               (no ring)
MPRegen 0.11/turn               (no ring)

@: very slightly contaminated
A: high MP 1, forlorn, divine attributes
a: no special abilities


You were on level 2 of the Dungeon.
You visited 1 branch of the dungeon, and saw 2 of its levels.

You collected 103 gold pieces.

Inventory:

Hand Weapons
 c - a +0 short sword
 f - a +0 club
 g - a +0 whip
 i - a +0 short sword
 m - a +0 dagger
Missiles
 d - 2 boomerangs
 h - 5 stones
Armour
 a - a +0 robe
 j - a +0 ring mail (worn)
Scrolls
 l - a scroll of poison


   Skills:
 + Level 1.8 Dodging
 + Level 2.0 Stealth
 + Level 2.6 Spellcasting
 + Level 0.8 Transmutations
 + Level 3.3 Earth Magic


You had 6 spell levels left.
You knew the following spells:

 Your Spells              Type           Power      Damage    Failure   Level
a - Sandblast             Erth           32%        2d9       10%         1

Your spell library contained the following spells:

 Spells                   Type           Power      Damage    Failure   Level
 Passwall                 Tmut/Erth      9%         N/A       24%         2
 Stone Arrow              Conj/Erth      18%        3d8       52%         3
 Petrify                  Tmut/Erth      11%        N/A       85%         4


Dungeon Overview and Level Annotations

Branches:
Dungeon (2/15)

Annotations:
D:2 Terence


Innate Abilities, Weirdness & Mutations

You have an increased reservoir of magic. (+10% MP)
You shall have no god before yourself.
Your divine heritage dramatically boosts your attributes as you level up.


Message History

Press: ? - help, Q - select action, (/) - cycle Dir - look around, f - activate The air fills with toxic fumes!
As you read the scroll of poison, it crumbles to dust.
Terence hits you with a +0 mace.
As you read the scroll labelled NUEGINNU VERIA, it crumbles to dust.
You assume a fearsome visage.
Terence looks frightened!
It was a scroll of fear.
Your magical contamination has completely faded away.
You are too injured to fight recklessly!
Casting: Sandblast (safe; 10% risk of failure)
Confirm with . or Enter, or press ? or * to list all spells.
Aiming: Sandblast (safe; 10% risk of failure)
Press: ? - help, Shift-Dir - straight line The blast of sand hits Terence but does no damage.
Terence is moderately wounded.
Your attack snaps Terence out of his fear.
Cornered, Terence turns to fight!
Casting: Sandblast (safe; 10% risk of failure)
Confirm with . or Enter, or press ? or * to list all spells.
Aiming: Sandblast (safe; 10% risk of failure)
Press: ? - help, Shift-Dir - straight line The blast of sand hits Terence.
Terence is moderately wounded.
Terence hits you with a +0 mace.
* * * LOW HITPOINT WARNING * * *
Terence hits you with a +0 mace.
* * * LOW HITPOINT WARNING * * *
Unknown command.
It was a potion of cancellation.
You feel magically purged. Terence closely misses you.
You are too injured to fight recklessly!
Casting: Sandblast (safe; 10% risk of failure)
Confirm with . or Enter, or press ? or * to list all spells.
Aiming: Sandblast (safe; 10% risk of failure)
Press: ? - help, Shift-Dir - straight line, f - Terence
Aim: Terence, wielding a +0 mace and wearing a +0 scale mail (moderately wounded, 84% to hit)
You miscast Sandblast.
You are very lightly contaminated with residual magic.
Nothing appears to happen.
Terence hits you with a +0 mace.
You die...

** ,* ,* ,* ,* ######## ,*
#.§§§§§# ,*
###############§§☼§§§######### ,*
#.....☼☼☼§☼§@@§§☼§§§§.........
,**#†#############☼§§§§☼#########
.....)...!..,......☼§§§§.........
.###.....###*#####..☼§§☼####.####
** #.....#***** #...§§☼# #.#
***#†......,,,* #....§☼# #.#
,,,.<.......,,* #.....§# #.#
***#...b....,,* #......# #.#
#........,,* ######.# #.#


You could see Terence.

Vanquished Creatures
  A gnoll (D:1)
  An adder (D:2)
  A worm (D:2)
  A dart slug (D:1)
  3 ball pythons (D:1)
  5 endoplasms
  A giant cockroach (D:1)
  2 goblins
  2 bats
  A frilled lizard (D:2)
  11 rats (D:2)
29 creatures vanquished.

Notes
Turn   | Place    | Note
-------+----------+-------------------------------------------
     0 | D:1      | fireball365 the Demigod Earth Elementalist began the quest
                  | for the Orb.
     0 | D:1      | Reached XP level 1. HP: 14/14 MP: 5/5
   264 | D:1      | Reached skill level 3 in Earth Magic
   264 | D:1      | Reached XP level 2. HP: 20/20 MP: 2/7
   586 | D:2      | Reached XP level 3. HP: 7/26 MP: 1/9
  1002 | D:2      | Noticed Terence
  1037 | D:2      | Slain by Terence

Illustrated notes

Levels and vault maps discovered:
D:1:      lemuel_arrival_behind_the_door_small, layout_basic,
          dreamdust_ecumenical_altar_statues, minmay_distorted
D:2:      layout_basic, minmay_rat_gold_closets, uniq_natasha, uniq_terence

Skill      XL: |  1 |
---------------+----+-----
Stealth        | 2 |  2.0
Spellcasting   | 2 |  2.6
Earth Magic    | 3 |  3.3
Dodging        | |  1.8
Transmutations | |  0.8

Action                   || total
-------------------------++-------
 Cast: Sandblast         ||    53
  Use: Scroll            ||     4
       Potion            ||     3
Armor: Robe              ||     2
       Ring mail         ||     4
Dodge: Dodged            ||    25
